 Dungeon Crawl Stone Soup version 0.27.1-4-g1640c2035a (webtiles) character file.

Game seed: 351420163206360800

4 Findor the Firebug (level 1, -1/11 HPs)
             Began as an Octopode Fire Elementalist on Nov 17, 2021.
             Slain by an endoplasm (3 damage)
             ... on level 1 of the Dungeon.
             The game lasted 00:00:29 (424 turns).

Findor the Firebug (Octopode Fire Elementalist)      Turns: 424, Time: 00:00:30

Health: -1/11      AC:  1    Str:  7    XL:     1   Next: 60%
Magic:  0/3        EV: 13    Int: 17    God:
Gold:   9          SH:  0    Dex: 12    Spells: 3/4 levels left

rFire    . . .     SeeInvis .   a - +0 dagger
rCold    . . .     Faith    .   (no shield)
rNeg     . . .     Spirit   .   (helmet restricted)
rPois    .         Reflect  .   (no amulet)
rElec    .         Harm     .   (no ring)
rCorr    .         Rampage  .   (no ring)
Will     .....                  (no ring)
Stlth    +++.......             (no ring)
HPRegen  0.03/turn              (no ring)
MPRegen  0.08/turn              (no ring)
                                (no ring)
                                (no ring)

@: very slightly contaminated
A: almost no armour, amphibious, 8 rings, camouflage 1, gelatinous body 1,
(nimble swimmer 1), tentacles
a: no special abilities


You were on level 1 of the Dungeon.
You visited 1 branch of the dungeon, and saw 1 of its levels.

You collected 9 gold pieces.


Innate Abilities, Weirdness & Mutations

You cannot wear most types of armour.
You are amphibious.
You can wear up to eight rings at the same time.
Your skin changes colour to match your surroundings (Stealth+).
Your rubbery body absorbs attacks. (AC +1, EV +1)
((You are camouflaged near water. (Stealth+)))
You have tentacles for arms and can constrict up to eight enemies at once.


   Skills:
 - Level 2.0 Dodging
 - Level 2.6 Stealth
 + Level 2.0 Spellcasting
 + Level 1.1 Conjurations
 * Level 3.1 Fire Magic


You had 3 spell levels left.
You knew the following spells:

 Your Spells              Type           Power      Damage    Failure   Level
a - Foxfire               Conj/Fire      36%        2x1d5     8%          1

Your spell library contained the following spells:

 Spells                   Type           Power      Damage    Failure   Level
 Conjure Flame            Conj/Fire      9%         6-21      24%         3
 Inner Flame              Hex/Fire       7%         N/A       30%         3
 Sticky Flame             Conj/Fire      9%         2d3       61%         4
 Fireball                 Conj/Fire      4%         3d4       91%         5

Inventory:

Hand Weapons
 a - a +0 dagger (weapon)
   (You took it off a goblin on level 1 of the Dungeon)
Potions
 b - a potion of haste {unknown}


Message History

You barely miss the bat. Your squeeze misses the bat. You constrict the bat.
The bat closely misses you.
The bat escapes!
The bat closely misses you. The bat completely misses you.
The bat hits you but does no damage.
You hit the bat but do no damage. You grab the bat.
Your squeeze misses the bat. You constrict the bat. The bat barely misses you.
The bat escapes!
The bat barely misses you. The bat barely misses you.
You barely miss the bat. You grab the bat. You squeeze the bat.
You kill the bat!
No target in view!
No target in view!
You see here a bat corpse.
Found a leather armour.
You see here a +0 leather armour.
Found a ring mail.
Found a glowing yellow potion.
b - a glowing yellow potion
Found a scale mail.
You see here a +0 scale mail.
Found a murky puce potion.
Found 5 gold pieces.
An endoplasm comes into view.
You see here a murky puce potion.
An endoplasm comes into view.
Casting: Foxfire (safe; 9% risk of failure)
You conjure some foxfire!
The foxfire hits the endoplasm. x2
The endoplasm quivers.
Casting: Foxfire (safe; 9% risk of failure)
You miscast Foxfire.
You are very lightly contaminated with residual magic.
Nothing appears to happen.
Casting: Foxfire (safe; 9% risk of failure)
You conjure some foxfire!
The foxfire hits the endoplasm.
You kill the endoplasm!
The foxfire hits the endoplasm but does no damage.
You hit the endoplasm but do no damage. The endoplasm freezes you.
You are frozen.
You hit the endoplasm. The endoplasm hits you.
* * * LOW HITPOINT WARNING * * *
You hit the endoplasm. The endoplasm hits you.
* * * LOW HITPOINT WARNING * * *
You hit the endoplasm but do no damage. The endoplasm hits you.
* * * LOW HITPOINT WARNING * * *
You barely miss the endoplasm. The endoplasm hits you.
You die...

#.#...........[.........
#.#....##........#.#.#.#
.......[................
#.#..####....###.#.#.#.#
... ...................
#.# #####....##.#.#.#.#
#..#.##........ ##
####.#..##.#..#.. .##
..$......!@J...... ..##
.................. ...#
.####..#.......### ...##
#..#..##..## ....#
#..#... ..# ....#
#..#......# ....#
#.........# ....##
##.#..... ...<8#


You could see an endoplasm.

Vanquished Creatures
  A bat (D:1)
  An endoplasm (D:1)
  A goblin (D:1)
3 creatures vanquished.

Vanquished Creatures (others)
  5 foxfires (D:1)
5 creatures vanquished.

Grand Total: 8 creatures vanquished

Notes
Turn   | Place    | Note
-------+----------+-------------------------------------------
     0 | D:1      | Findor the Octopode Fire Elementalist began the quest for
                  | the Orb.
     0 | D:1      | Reached XP level 1. HP: 11/11 MP: 3/3
   423 | D:1      | HP: 2/11 [endoplasm (1)]
   424 | D:1      | Slain by an endoplasm

Levels and vault maps discovered:
D:1:      heliophobic_arrival_dark_side_of_the_moon, layout_basic,
          basic_ecumenical_altar, serial_co_window_serial,
          co_window_of_opportunity_a, co_window_paths_b, co_window_paths_b,
          co_window_corner_a, co_window_paths_b, co_window_broadway_c,
          co_window_of_opportunity_b, co_window_of_opportunity_b, co_window_sun,
          co_window_4corner_a, glass_columns_c, glass_columns_a,
          serial_park_tiny_2

Action                   || total
-------------------------++-------
Melee: Dagger            ||    10
       Constrict         ||     4
       Tentacles         ||     1
 Cast: Foxfire           ||     3
Armor: Skin              ||     2
Dodge: Dodged            ||    10
